 Dungeon Crawl Stone Soup version 0.21-a0-513-gdcb3f5e (webtiles) character file.

1358 BingusPrime the Spear-Bearer (level 8, -13/61 HPs)
             Began as a Merfolk Skald on Dec 2, 2017.
             Mangled by an orc warrior
             ... wielding a +0 battleaxe
              (25 damage)
             ... on level 5 of the Dungeon.
             The game lasted 00:36:36 (7931 turns).

BingusPrime the Spear-Bearer (Merfolk Skald)        Turns: 7931, Time: 00:36:36

Health: -13/61     AC:  8    Str: 13    XL:     8   Next: 64%
Magic:  0/20       EV: 13    Int: 12    God:
Gold:   165        SH:  0    Dex: 14    Spells: 8/11 levels left

rFire    x . .     SeeInvis .   a - +0 spear
rCold    + . .     Gourm    .   (no shield)
rNeg     . . .     Faith    .   l - +0 ring mail
rPois    .         Spirit   +   (no helmet)
rElec    .         Reflect  .   (no cloak)
rCorr    .         Harm     .   n - +1 pair of gloves
MR       .....                  k - +0 pair of boots
Stlth    +.........             r - amulet of guardian spirit
HPRegen  0.20/turn              t - ring of ice
MPRegen  0.17/turn              B - ring of magical power

@: no status effects
A: change form in water, swift swim, stealthy swim
a: no special abilities


You were on level 5 of the Dungeon.
You were not hungry.

You visited 1 branch of the dungeon, and saw 6 of its levels.

You collected 367 gold pieces.
You spent 202 gold pieces at shops.

Inventory:

Hand Weapons
 a - a +0 spear (weapon)
 K - a +0 shortbow
Missiles
 s - 137 stones (quivered)
 w - 54 sling bullets
 A - 12 curare-tipped needles
 L - 38 arrows
Armour
 b - a +0 leather armour
 f - a +0 scale mail
 k - a +0 pair of boots (worn)
 l - a +0 ring mail (worn)
 n - a +1 pair of gloves (worn)
 D - a +0 leather armour
Jewellery
 r - an amulet of guardian spirit (around neck)
 t - a ring of ice (left hand)
 B - a ring of magical power (right hand)
 F - an uncursed amulet of the gourmand
 G - an uncursed ring of positive energy {unknown}
Wands
 j - a wand of acid (10)
Scrolls
 e - 3 scrolls of remove curse
 h - a scroll of magic mapping
 o - a scroll of immolation {unknown}
 q - 2 scrolls of enchant armour {unknown}
 v - a scroll of enchant weapon {unknown}
 x - 2 scrolls of amnesia {unknown}
 y - 2 scrolls of fear {unknown}
 C - 3 scrolls of random uselessness {unknown}
 E - 2 scrolls of identify
 I - 2 scrolls of teleportation
Potions
 m - a potion of degeneration
 z - a potion of curing {unknown}
 H - a potion of agility {unknown}
Books
 c - a book of Battle

   Spells                             Type                      Level
   a - Infusion                       Charms                       1
   b - Shroud of Golubria             Charms/Translocation         2
   c - Song of Slaying                Charms                       2
   d - Spectral Weapon                Hexes/Charms                 3
   e - Regeneration                   Charms/Necromancy            3
Comestibles
 d - 4 bread rations
 g - 3 fruits
 p - 4 meat rations
 u - 3 royal jellies


   Skills:
 + Level 4.8 Fighting
 * Level 10.4 Polearms
 + Level 1.6 Throwing
 + Level 2.8 Armour
 + Level 5.7 Dodging
 + Level 1.2 Stealth
 + Level 2.2 Spellcasting
 + Level 3.7 Charms


You had 8 spell levels left.
You knew the following spells:

 Your Spells              Type           Power        Failure   Level  Hunger
a - Infusion              Chrm           ##..         12%         1    ##.....
b - Shroud of Golubria    Chrm/Tloc      #.........   36%         2    ###....


Dungeon Overview and Level Annotations

Branches:
Dungeon (6/15)
 Temple: D:4-7

Altars:
Trog
Uskayaw
Vehumet
The Shining One

Shops:
D:5 [*%*(

Annotations:
D:5 2 transporters


Message History

* * * LOW HITPOINT WARNING * * *
You hit the orc warrior.
The orc warrior is almost dead.
You closely miss the orc warrior.
The orc warrior is almost dead.
You barely miss the orc warrior.
The orc warrior is almost dead.
The orc warrior hits you with a battleaxe.
* * * LOW HITPOINT WARNING * * *
You hit the orc warrior.
The orc warrior is almost dead.
You barely miss the orc warrior.
The orc warrior is almost dead.
The orc warrior barely misses you.
You hit the orc warrior but do no damage.
The orc warrior is almost dead.
You hit the orc warrior but do no damage.
The orc warrior is almost dead.
The orc warrior hits you with a battleaxe!!
You die...

..............................#
..............##..............#
####..........##.........#.####
..............##.........#.#
####.......................#
####..........##.........###
..>[....########..........#
.))[....# ##...o.......##
........# #...@.......<#
........# ###.##.........#
###########..............#
.........................#
###########.............## #
#......#.....## #......#######
#......# #..[...#


You could see an orc warrior.

Vanquished Creatures
  A black bear (D:4)
  4 ogres
  2 centaurs (D:6)
  A bullfrog (D:6)
  2 howler monkeys
  A crimson imp (D:6)
  A bullfrog zombie (D:6)
  A jelly (D:5)
  An orc wizard (D:3)
  3 orc priests
  2 iguanas
  A gnoll shaman (D:5)
  2 worker ants (D:5)
  A hound zombie (D:6)
  4 gnolls
  7 adders
  A shadow imp (D:6)
  A white imp (D:6)
  An ooze (D:2)
  An adder skeleton (D:4)
  7 worms
  2 dart slugs
  2 leopard geckos
  15 orcs
  A ball python (D:4)
  6 giant cockroaches
  6 goblins
  14 hobgoblins
  6 jackals
  5 quokkas
  4 bats
  8 frilled lizards
  4 goblin skeletons (D:6)
  2 goblin zombies (D:6)
  2 hobgoblin zombies (D:6)
  11 kobolds
  2 kobold zombies (D:6)
  An orc skeleton (D:6)
  An orc zombie (D:6)
  A quokka skeleton (D:5)
  9 rats
147 creatures vanquished.

Notes
Turn   | Place    | Note
-------+----------+-------------------------------------------
     0 | D:1      | BingusPrime the Merfolk Skald began the quest for the Orb.
     0 | D:1      | Reached XP level 1. HP: 16/16 MP: 3/3
   385 | D:1      | Reached XP level 2. HP: 23/23 MP: 1/5
  1324 | D:1      | Reached skill level 4 in Polearms
  1324 | D:1      | Reached XP level 3. HP: 14/28 MP: 6/6
  1695 | D:2      | Reached skill level 1 in Armour
  1737 | D:2      | Reached XP level 4. HP: 27/35 MP: 7/7
  2295 | D:2      | Learned a level 2 spell: Shroud of Golubria
  2328 | D:3      | Reached XP level 5. HP: 33/42 MP: 6/8
  2330 | D:3      | Reached skill level 5 in Polearms
  2790 | D:3      | Found a radiant altar of Vehumet.
  3738 | D:3      | Reached XP level 6. HP: 17/48 MP: 9/9
  3974 | D:3      | Reached skill level 6 in Polearms
  4212 | D:4      | HP: 2/48 [ogre/giant club (10)]
  4264 | D:4      | Noticed a moth of wrath
  4267 | D:4      | Found a bloodstained altar of Trog.
  4716 | D:3      | Reached skill level 7 in Polearms
  4716 | D:3      | Reached XP level 7. HP: 20/54 MP: 8/10
  4993 | D:4      | Reached skill level 8 in Polearms
  5324 | D:5      | Entered Level 5 of the Dungeon
  5348 | D:5      | Found Tocasiup's Assorted Antiques.
  5374 | D:5      | Bought a pair of runed gloves for 202 gold pieces
  5775 | D:5      | Found a transporter.
  5812 | D:5      | Found Miujahug's Antique Armour Shop.
  5845 | D:5      | Found a transporter.
  5865 | D:5      | Found Xozib's Food Shoppe.
  5867 | D:5      | Found Ymigoh's Assorted Antiques.
  5895 | D:5      | Found Funyfera's Weapon Emporium.
  5900 | D:5      | Reached skill level 9 in Polearms
  5933 | D:5      | Reached XP level 8. HP: 53/61 MP: 11/11
  6028 | D:5      | Reached skill level 1 in Throwing
  6149 | D:5      | Found a bloodstained altar of Trog.
  6462 | D:6      | Reached skill level 1 in Stealth
  6735 | D:6      | Reached skill level 5 in Dodging
  6912 | D:6      | Found a hide-covered altar of Uskayaw.
  7327 | D:6      | Reached skill level 10 in Polearms
  7658 | D:6      | Found a glowing golden altar of the Shining One.
  7931 | D:5      | Mangled by an orc warrior

Vault maps used:
D:1:      scummos_arrival_forest, minmay_tetromino_i4
D:2:      first_bread
D:3:      nicolae_overflow_crystal_walls
D:4:      black_bear_nest_2, grunt_ministairs_15, tgw_trog
D:5:      gammafunk_steamed_eel, serial_shops, shop, nicolae_shop_waterfront,
          kennysheep_mini_moat, nicolae_shop_trees, nicolae_shop_stone,
          trog_butcher_becter
D:6:      nicolae_whirlpool, old_standard_altar, nicolae_tso_besieged_by_evil

Skill      XL: |  1  2  3  4  5  6  7  8 |
---------------+-------------------------+-----
Polearms       | 4 5 7 9 10 | 10.4
Fighting       | 3 4 |  4.8
Armour         | 1 2 |  2.8
Dodging        | 3 4 5 |  5.7
Throwing       | 1 |  1.6
Stealth        | 1 |  1.2
Spellcasting   | |  2.2
Charms         | |  3.7

Action                   |  1- 3 |  4- 6 |  7- 9 || total
-------------------------+-------+-------+-------++-------
Melee: Spear             |   162 |   387 |   446 ||   995
Throw: Throwing net      |     2 |     1 |       ||     3
       Stone             |       |    26 |    84 ||   110
 Cast: Infusion          |     2 |     1 |       ||     3
       Shroud of Golubri |       |     3 |     6 ||     9
Evoke: Wand              |       |     1 |       ||     1
  Use: Scroll            |       |     4 |     1 ||     5
       Potion            |       |     4 |     1 ||     5
 Stab: Sleeping          |     1 |       |     1 ||     2
  Eat: Chunk             |     3 |     9 |    11 ||    23
       Fruit             |       |     1 |       ||     1
Armor: Leather armour    |     8 |       |       ||     8
       Scale mail        |    13 |       |       ||    13
       Ring mail         |    25 |    73 |    80 ||   178
Dodge: Dodged            |    88 |   179 |   173 ||   440

Table legend:
 A = Spawn XP
 B = Non-spawn XP
 C = Spawn XP percentage of total XP
 D = Spawn monster count
 E = Non-spawn monster count
 F = Spawn count percentage of total count
 G = Total turns spent on level
                    A         B        C        D         E        F      G
               +---------+---------+-------+---------+---------+-------+---------
         Total |       0 |    1940 |   0.0 |       0 |     147 |   0.0 |  7931
               +---------+---------+-------+---------+---------+-------+---------
           D:1 |       0 |      43 |   0.0 |       0 |      20 |   0.0 |  1529
           D:2 |       0 |      77 |   0.0 |       0 |      28 |   0.0 |   767
           D:3 |       0 |     332 |   0.0 |       0 |      26 |   0.0 |  1815
           D:4 |       0 |     421 |   0.0 |       0 |      22 |   0.0 |  1213
           D:5 |       0 |     426 |   0.0 |       0 |      19 |   0.0 |  1287
           D:6 |       0 |     641 |   0.0 |       0 |      32 |   0.0 |  1320
               +---------+---------+-------+---------+---------+-------+---------
